 Dungeon Crawl Stone Soup version 0.31.0-9-g3a7656b989 (webtiles) character file.

Game seed: 12232228854888398008

97 qw the Shooter (level 4, 0/22 HPs)
             Began as a Spriggan Hunter on Feb 2, 2024.
             Succumbed to an adder's poison
             ... on level 3 of the Dungeon.
             The game lasted 00:00:05 (1819 turns).

qw the Shooter (Spriggan Hunter)                    Turns: 1819, Time: 00:00:06

Health: 0/22       AC:  2    Str:  7    XL:     4   Next: 42%
Magic:  5/5        EV: 20    Int: 10    God:
Gold:   18         SH:  0    Dex: 20    Spells: 3/3 levels left

rFire   . . .        a - +0 shortbow
rCold   . . .        (shield currently unavailable)
rNeg    . . .        c - +0 robe
rPois   .            (helmet restricted)
rElec   .            (no cloak)
rCorr   .            (gloves unavailable)
SInv    +            (boots unavailable)
Will    .....        (no amulet)
Stlth   ++           (no ring)
HPRegen 0.23/turn    (no ring)
MPRegen 0.09/turn

%: no passive effects
@: lethally poisoned (0 -> -4), very quick
A: very small, no large weapons, unfitting armour, see invisible, speed 3
a: no special abilities


You were on level 3 of the Dungeon.
You visited 1 branch of the dungeon, and saw 3 of its levels.

You collected 82 gold pieces.
You spent 64 gold pieces at shops.


Innate Abilities, Weirdness & Mutations

You are very small and have problems with some larger weapons.
You are too small for most types of armour.
You have supernaturally acute eyesight. (SInv)
You cover ground extremely quickly. (Speed+++)


   Skills:
 - Level 1.5 Fighting
 - Level 5.0 Ranged Weapons
 + Level 4.9 Dodging
 - Level 1.5 Stealth


You had 3 spell levels left.
You didn't know any spells.
Your spell library was empty.

Inventory:

Hand Weapons
 a - a +0 shortbow (weapon)
Armour
 c - a +0 robe (worn)
Potions
 e - a potion of curing
 h - a potion of might
 i - 2 potions of haste

Dungeon Overview and Level Annotations

Branches:
Dungeon (3/15)

Altars:
Fedhas

Shops:
D:1 *!=*


Message History

The iguana is lightly wounded.
You shoot an arrow.
The arrow hits the iguana but does no damage.
The iguana is lightly wounded.
You shoot an arrow. The arrow barely misses the iguana.
You shoot an arrow. The arrow hits the adder.
The adder is lightly wounded.
You shoot an arrow. The arrow barely misses the adder.
The adder bites you. The adder closely misses you.
The iguana completely misses you.
You shoot an arrow. The arrow hits the iguana.
The iguana is moderately wounded.
The adder bites you.
You are poisoned.
The adder poisons you! The iguana completely misses you.
You shoot an arrow. The arrow hits the iguana!
The iguana is almost dead.
You feel sick. The adder barely misses you. The iguana closely misses you.
The adder closely misses you.
You shoot an arrow. The arrow barely misses the iguana.
You feel sick. The adder misses you. The iguana barely misses you.
You shoot an arrow. The arrow hits the iguana.
You kill the iguana!
You feel sick. The adder bites you but does no damage. The adder bites you.
You shoot an arrow. The arrow hits the adder.
The adder is severely wounded.
You feel sick. The adder misses you.
You shoot an arrow. The arrow closely misses the adder.
You feel sick.
You are no longer poisoned.
The adder bites you but does no damage. The adder misses you.
You shoot an arrow. The arrow closely misses the adder.
The adder completely misses you.
You shoot an arrow. The arrow closely misses the adder.
The adder bites you. x2
You are lethally poisoned!
The adder poisons you!
You shoot an arrow. The arrow hits the adder!
You kill the adder!
You die...

.######..#.....##
##.....###
#.....## #.....#
#...#.# #...#.###
#######.......#
...........##.#
#####.@#.## ...
........#.# ...
.......##.# .....
....### #.# ....
##. #.. ##.. #
##. .


There were no monsters in sight!

Vanquished Creatures
  An iguana (D:3)
  4 adders
  A ribbon worm (D:2)
  3 endoplasms
  3 giant cockroaches
  3 hobgoblins
  3 quokkas
  5 ball pythons
  7 bats
  4 goblins
  3 kobolds
  7 rats
44 creatures vanquished.

Notes
Turn   | Place    | Note
-------+----------+-------------------------------------------
     0 | D:1      | qw the Spriggan Hunter began the quest for the Orb.
     0 | D:1      | Reached XP level 1. HP: 10/10 MP: 2/2
     0 | D:1      | 0 ||| qw: Version: 0.3-a-155-g5e7d8dd
     0 | D:1      | 0 ||| qw: Game counter: 844
     0 | D:1      | 0 ||| qw: Melee chars always use a shield: true
     0 | D:1      | 0 ||| qw: God list: Okawaru
     0 | D:1      | 0 ||| qw: Allow faded altars: false
     0 | D:1      | 0 ||| qw: Do Orc after clearing Dungeon:15 true
     0 | D:1      | 0 ||| qw: Do second Lair branch before Depths: true
     0 | D:1      | 0 ||| qw: Lair rune preference: random
     0 | D:1      | 0 ||| qw: Goals: Normal
     0 | D:1      | 0 ||| PLANNING D:1-11
    42 | D:1      | Reached skill level 3 in Dodging
    46 | D:1      | Found Nehuh's Assorted Antiques.
    57 | D:1      | 57 ||| BUYING bubbling green potion (20 gold).
    57 | D:1      | Bought a bubbling green potion for 20 gold pieces
    57 | D:1      | 57 ||| SHOPLISTING gold wand (92 gold, have 12).
    57 | D:1      | 57 ||| SHOPLISTING lumpy red potion (20 gold, have 12).
    57 | D:1      | 57 ||| SHOPLISTING scroll labelled CURYJOUFURGH (23 gold,
                  | have 12).
    57 | D:1      | 57 ||| SHOPLISTING scroll labelled DENGA YCKAOCS (23 gold,
                  | have 12).
    57 | D:1      | 57 ||| SHOPLISTING scroll labelled OCIQEO SIPLI (23 gold,
                  | have 12).
   120 | D:1      | Reached XP level 2. HP: 13/14 MP: 3/3
   146 | D:1      | Found Qinwoen's Jewellery Shoppe.
   149 | D:1      | 149 ||| SHOPLISTING +6 ring of strength (396 gold, have
                  | 20).
   149 | D:1      | 149 ||| SHOPLISTING amulet of faith (440 gold, have 20).
   149 | D:1      | 149 ||| SHOPLISTING amulet of guardian spirit (330 gold,
                  | have 20).
   149 | D:1      | 149 ||| SHOPLISTING ring of ice (275 gold, have 20).
   149 | D:1      | 149 ||| SHOPLISTING ring of protection from fire (275 gold,
                  | have 20).
   343 | D:1      | Found Acwiu's Distillery.
   356 | D:1      | 356 ||| SHOPLISTING potion of haste (110 gold, have 48).
   356 | D:1      | 356 ||| SHOPLISTING potion of heal wounds (55 gold, have
                  | 48).
   356 | D:1      | 356 ||| BUYING potion of might (44 gold).
   356 | D:1      | Bought a potion of might for 44 gold pieces
   356 | D:1      | 356 ||| SHOPLISTING potion of might (44 gold, have 4).
   459 | D:1      | Found Xeatz's Assorted Antiques.
   463 | D:1      | 463 ||| SHOPLISTING fizzy brown potion (23 gold, have 4).
   463 | D:1      | 463 ||| SHOPLISTING gilded ring (130 gold, have 4).
   463 | D:1      | 463 ||| SHOPLISTING large bone amulet (130 gold, have 4).
   463 | D:1      | 463 ||| SHOPLISTING scroll labelled LYHUAPP PYETYCKY (26
                  | gold, have 4).
   626 | D:1      | 626 ||| READING scroll labelled UROIWU FEWN.
   627 | D:1      | 627 ||| READING scroll labelled OCIQEO SIPLI.
   628 | D:1      | 628 ||| DRINKING 2 bubbling green potions.
   629 | D:1      | 629 ||| DROPPING scroll of butterflies.
   692 | D:2      | Reached XP level 3. HP: 18/18 MP: 4/4
   930 | D:2      | Identified the +5 pair of gloves of Refuge {Int+5}
   981 | D:2      | Found a blossoming altar of Fedhas.
  1128 | D:2      | Reached skill level 5 in Ranged Weapons
  1292 | D:2      | Reached XP level 4. HP: 22/22 MP: 5/5
  1526 | D:2      | 1526 ||| READING 2 scrolls labelled MESASU NIYLLI.
  1627 | D:2      | 1627 ||| READING scroll labelled VEGAIP YTSA.
  1627 | D:2      | 1627 ||| ENCHANTING +0 shortbow.
  1628 | D:2      | 1628 ||| READING 2 scrolls labelled CURYJOUFURGH.
  1628 | D:2      | 1628 ||| IDENTIFYING inky potion
  1629 | D:2      | 1629 ||| READING scroll of identify.
  1629 | D:2      | 1629 ||| IDENTIFYING 2 sedimented pink potions
  1630 | D:2      | 1630 ||| READING scroll labelled YLEFIN FANILON.
  1731 | D:2      | 1731 ||| DROPPING scroll of vulnerability.
  1732 | D:2      | 1732 ||| DROPPING potion of invisibility.
  1818 | D:3      | HP: 3/22 [adder (4)]
  1818 | D:3      | HP: 1/22 [adder (2)]
  1819 | D:3      | Succumbed to an adder's poison

Levels and vault maps discovered:
D:1:      psy_arrival_fountain, layout_basic, serial_shops, shop, shop,
          nicolae_square_shop, nicolae_shop_real_fake_doors,
          roderic_roman_lattice, chequers_garden
D:2:      layout_basic, basic_altar, minmay_misc_feat_room
D:3:      layout_rooms, serial_shops, shop, shop, shop, minmay_ogre_servants

Skill      XL: |  1  2  3 |
---------------+----------+-----
Dodging        | 3 4 |  4.9
Ranged Weapons | 5 |  5.0
Fighting       | |  1.5
Stealth        | |  1.5

Action                     |  1- 3 |  4- 6 || total
---------------------------+-------+-------++-------
   Fire: Shortbow          |   100 |    20 ||   120
    Use: Scroll            |     2 |     5 ||     7
         Potion            |     1 |       ||     1
 Armour: Robe              |    10 |     7 ||    17
  Dodge: Dodged            |    29 |    11 ||    40

Table legend:
 A = Non-vault XP
 B = Vault XP
 C = Vault XP percentage of total XP
 D = Non-vault monster count
 E = Vault monster count
 F = Vault count percentage of total count
                 A         B        C        D         E       F
            +---------+---------+-------+---------+---------+-------
      Total |     152 |       0 |   0.0 |      44 |       0 |   0.0
            +---------+---------+-------+---------+---------+-------
        D:1 |      34 |       0 |   0.0 |      22 |       0 |   0.0
        D:2 |      65 |       0 |   0.0 |      17 |       0 |   0.0
        D:3 |      53 |       0 |   0.0 |       5 |       0 |   0.0
            +---------+---------+-------+---------+---------+-------
